Map: Ultralove

Players

Spirit (souL)

  • Race: Terran Terran
  • League: Master
  • Spawn Location: 1:00

BabyMarine - Winner!

  • Race: Terran Terran
  • Spawn Location: 7:00

Event: HomeStory Cup XXVII

VOD

Have the link to the VOD?

Description

Time

  • Played on: June 27, 2025, 11:33 a.m.
  • Length: 7:24

All games in this series

Show
View Real Time Build Order
Export as new Build Order

Spirit Terran 

Build Orders:  

Get SALT Encoding   

  12  0:00  SCV  
  13  0:12  SCV  
  14  0:17  Supply Depot  
  14  0:24  SCV  
  15  0:38  SCV  
  15  0:40  Barracks  
  16  0:45  Refinery  
  16  0:56  Barracks  
  16  1:00  SCV  
  17  1:13  SCV  
  18  1:28  Orbital Command  
  18  1:29  Reaper  
  18  1:31  Supply Depot  
  19  1:36  Refinery  
  19  1:46  Reaper  
  20  1:53  SCV  
  21  2:03  Reaper  
  21  2:06  SCV  
  23  2:18  SCV  
  23  2:22  Reaper  
  25  2:30  SCV  
  25  2:33  Factory  
  26  2:42  SCV  
  26  2:53  Command Center  
  26  2:56  Reaper, SCV  
  26  3:08  SCV  
  26  3:09  Supply Depot  
  28  3:17  Factory Tech Lab  
  28  3:18  Starport  
  28  3:20  SCV  
  28  3:28  Barracks Reactor  
  28  3:33  SCV  
  29  3:35  Cyclone  
  32  3:45  SCV  
  33  3:55  Medivac  
  35  3:57  SCV  
  36  4:05  Marine x2  
  38  4:10  Refinery, SCV  
  38  4:15  Factory Tech Lab  
  39  4:23  Marine x2  
  41  4:26  Orbital Command  
  41  4:32  Raven  
  41  4:33  SCV  
  44  4:40  Marine  
  44  4:43  Marine, Siege Tank  
  44  4:45  SCV  
  50  4:52  Marine  
  50  4:55  SCV  
  50  4:56  Supply Depot  
  50  4:57  SCV  
  52  5:00  Supply Depot  
  52  5:01  Marine  
  53  5:21  Raven, SCV x2  
  54  5:26  Interference Matrix  
  54  5:27  Command Center, Barracks Reactor  
  57  5:29  Siege Tank  
  57  5:33  SCV x2  
  50  5:43  Marine  
  50  5:45  SCV x2  
  45  5:56  Raven  
  42  5:57  SCV  
  42  6:01  Marine  
  44  6:07  Marine  
  44  6:09  Marine, SCV  
  46  6:17  Siege Tank  
  46  6:19  Marine  
  46  6:21  SCV  
  48  6:33  SCV  
  48  6:37  Marine  
  48  6:39  Marine  
  47  6:41  Orbital Command  
  47  6:42  Marine  
  47  6:45  Raven, SCV  
  51  6:55  Marine  
  51  6:57  Marine, SCV  
  51  7:00  Marine  
  58  7:10  SCV  
Show
View Real Time Build Order
Export as new Build Order

BabyMarine Terran - Winner!

Build Orders:  

Get SALT Encoding   

  12  0:00  SCV  
  13  0:12  SCV  
  14  0:16  Supply Depot  
  14  0:24  SCV  
  15  0:38  SCV  
  15  0:40  Barracks  
  16  0:44  Refinery  
  16  0:50  SCV  
  16  0:55  Refinery  
  17  1:02  SCV  
  18  1:14  SCV  
  19  1:29  Orbital Command, Reaper  
  20  1:33  Supply Depot  
  20  1:42  Factory  
  20  1:55  SCV  
  20  2:01  Reaper  
  22  2:07  SCV  
  23  2:19  SCV  
  24  2:28  Hellion  
  25  2:33  Command Center, Reaper  
  25  2:35  SCV  
  28  2:51  Hellion  
  28  2:56  SCV  
  28  2:57  Supply Depot  
  28  2:58  Starport  
  27  3:07  Barracks Reactor  
  27  3:08  SCV  
  28  3:13  Factory Tech Lab  
  28  3:20  SCV  
  29  3:33  Siege Tank  
  32  3:34  SCV  
  33  3:44  Marine  
  33  3:45  Marine  
  35  3:50  SCV  
  35  3:52  Medivac  
  38  3:55  Refinery  
  38  4:02  Marine x2, SCV  
  39  4:06  Orbital Command  
  41  4:11  Supply Depot  
  41  4:12  Cyclone  
  41  4:14  SCV  
  45  4:20  Marine x2  
  47  4:24  Starport Tech Lab  
  47  4:27  SCV  
  48  4:31  SCV  
  48  4:35  Supply Depot  
  48  4:38  Marine x2  
  50  4:44  Raven  
  53  4:52  SCV  
  54  4:54  Siege Tank  
  54  4:55  SCV  
  54  4:56  Marine  
  54  4:57  Supply Depot  
  59  5:05  SCV, Interference Matrix  
  58  5:12  SCV  
  59  5:16  Marine x2  
  59  5:19  Raven  
  63  5:22  SCV  
  64  5:33  SCV  
  63  5:36  SCV  
  59  5:43  Marine x2  
  59  5:45  SCV  
  59  5:48  SCV, Siege Tank  
  66  5:52  Command Center  
  66  5:57  Supply Depot, SCV  
  66  6:01  Raven  
  66  6:02  Supply Depot  
  66  6:03  SCV  
  70  6:09  SCV  
  71  6:15  SCV  
  72  6:19  Marine x2  
  72  6:20  Siege Tank  
  72  6:21  Barracks  
  72  6:22  SCV  
  72  6:23  Barracks  
  78  6:31  SCV  
  79  6:34  SCV  
  80  6:41  Engineering Bay  
  80  6:42  Refinery, Engineering Bay  
  80  6:43  SCV  
  81  6:55  SCV  
  81  6:56  Marine  
  90  7:04  SCV  
  91  7:11  Barracks Reactor  
  91  7:13  Barracks Reactor  
Tags
 
League
Master
Matchup
TvT
Race
Terran
Replay Pack
hsc27
Spawn Locations
Cross Positions
Add a new tag
Caveats
  • Supply blocks, unpowered buildings, or Contaminate may cause inaccurate times.
  • Supply counts are checked every 10 seconds.